 Dungeon Crawl Stone Soup version 0.31-a0-459-gc8a9bf3d51 (webtiles) character file.

Game seed: 9766112188382355024

134 lolo23jhon the Sneak (level 4, -9/22 HPs)
             Began as a Spriggan Enchanter on Aug 4, 2023.
             Mangled by Menkaure (17 damage)
             ... on level 4 of the Dungeon.
             The game lasted 00:15:05 (1763 turns).

lolo23jhon the Sneak (Spriggan Enchanter)           Turns: 1763, Time: 00:15:06

Health: -9/22      AC:  2    Str:  4    XL:     4   Next: 95%
Magic:  9/9        EV: 18    Int: 16    God:
Gold:   50         SH:  0    Dex: 17    Spells: 9/9 levels left

rFire   . . .        p - +0 rapier
rCold   . . .        (no shield)
rNeg    . . .        b - +0 robe
rPois   +            (helmet restricted)
rElec   .            (no cloak)
rCorr   .            (gloves unavailable)
SInv    +            (boots unavailable)
Will    .....        k - amulet of regeneration
Stlth   +++          g - ring of poison resistance
HPRegen 1.03/turn    (no ring)
MPRegen 0.11/turn

%: no passive effects
@: about to teleport, very quick
A: very small, no large weapons, unfitting armour, see invisible, speed 3
a: no special abilities


You were on level 4 of the Dungeon.
You visited 1 branch of the dungeon, and saw 3 of its levels.

You collected 50 gold pieces.

Inventory:

Hand Weapons
 a - a +1 dagger
 p - a +0 rapier (weapon)
Armour
 b - a +0 robe (worn)
Jewellery
 g - a ring of poison resistance (left hand)
 k - an amulet of regeneration (around neck)
Scrolls
 d - a scroll of identify
 e - a scroll of noise {unknown}
 i - a scroll of silence {unknown}
 m - a scroll of vulnerability {unknown}
 n - a scroll of enchant weapon {unknown}
 o - a scroll of enchant armour {unknown}
Potions
 c - a potion of invisibility
 f - a potion of heal wounds
 j - a potion of haste
 l - 3 potions of curing {unknown}
 q - a potion of degeneration {unknown}


   Skills:
 + Level 1.0 Fighting
 + Level 2.4 Short Blades
 + Level 3.5 Dodging
 + Level 6.5 Stealth
 + Level 3.0 Spellcasting
 + Level 4.0 Hexes


You had 9 spell levels left.
You didn't know any spells.
Your spell library contained the following spells:

 Spells                   Type           Power      Damage    Failure   Level
 Confusing Touch          Hex            15%        N/A       11%         3
 Tukima's Dance           Hex            15%        N/A       11%         3
 Ensorcelled Hibernation  Hex/Ice        16%        N/A       12%         2
 Summon Small Mammal      Summ           8%         N/A       19%         1
 Dazzling Flash           Conj/Hex       16%        N/A       24%         3
 Summon Guardian Golem    Hex/Summ       8%         N/A       24%         3
 Cigotuvi's Dreadful Rot  Necr/Pois/Air  4%         N/A       28%         2
 Lesser Beckoning         Tloc           4%         N/A       28%         2
 Call Canine Familiar     Summ           2%         N/A       50%         3
 Gell's Gravitas          Tloc           2%         N/A       50%         3
 Ignite Poison            Fire/Tmut/Pois 2%         N/A       50%         3
 Stone Arrow              Conj/Erth      4%         3d7       50%         3
 Teleport Other           Tloc           2%         N/A       50%         3
 Animate Armour           Summ/Erth      4%         N/A       88%         4
 Freezing Cloud           Conj/Ice/Air   1%         6-21      99%         5
 Lehudib's Crystal Spear  Conj/Erth      1%         10d2      100%        8


Dungeon Overview and Level Annotations

Branches:
Dungeon (2/15)

Altars:

Annotations:
D:4 Menkaure


Innate Abilities, Weirdness & Mutations

You are very small and have problems with some larger weapons.
You are too small for most types of armour.
You have supernaturally acute eyesight. (SInv)
You cover ground extremely quickly. (Speed+++)


Message History

There is a stone staircase leading up here.
A kobold comes into view. It is wielding a +0 dagger.
Found a stone staircase leading down.
The kobold shouts!
There is a stone staircase leading down here.
The kobold hits you but does no damage.
You hit the kobold.
You kill the kobold!
A sourceless malevolence fills the Dungeon...
You fall into a shaft and drop 2 floors!
The shaft crumbles and collapses.
An orc comes into view. It is wielding a +0 flail.
An orc priest comes into view.
It is wielding a +0 short sword. 2 orcs come into view.
An orc is wielding a +1 vampiric trident.
The helpless orc fails to defend itself.
You impale the orc!!
You kill the orc!
The orc priest shouts!
You hear a shout!
The orc shouts!
An orc comes into view. It is wielding a +0 flail.
Menkaure, Prince of Dust comes into view.
Menkaure shouts!
Menkaure completely misses you.
The orc hits you from afar with a +1 vampiric trident.
You barely miss Menkaure. The orc misses you.
You hit Menkaure but do no damage. You punch Menkaure.
Menkaure is lightly damaged.
Menkaure hits you!
Ouch! That really hurt!
* * * LOW HITPOINT WARNING * * *
As you read the scroll of teleportation, it crumbles to dust.
You feel strangely unstable. Menkaure misses you.
You hit Menkaure.
Menkaure is lightly damaged.
Menkaure hits you but does no damage. The orc misses you.
You hit Menkaure.
Menkaure is moderately damaged.
The orc misses you. The orc barely misses you. Menkaure hits you!
Ouch! That really hurt!
You die...

#### ...
#.## ##..
###..
.oo.
#M#o#####
#@#).o..#
#o#####.#
#....o..#
#########


You could see Menkaure and 3 orcs.

Vanquished Creatures
  A hound zombie (D:2)
  A hound skeleton (D:2)
  4 adders (D:2)
  4 adder skeletons (D:2)
  A dart slug (D:1)
  An orc (D:4)
  4 ball pythons
  3 bats (D:1)
  5 endoplasms
  2 giant cockroaches
  3 goblins
  8 hobgoblins
  5 jackals (D:1)
  4 kobolds
  A quokka (D:1)
  A ball python zombie (D:2)
  2 frilled lizards (D:1)
  A quokka skeleton (D:2)
  3 rats
54 creatures vanquished.

Notes
Turn   | Place    | Note
-------+----------+-------------------------------------------
     0 | D:1      | lolo23jhon the Spriggan Enchanter began the quest for the
                  | Orb.
     0 | D:1      | Reached XP level 1. HP: 9/9 MP: 5/5
   163 | D:1      | Reached skill level 5 in Stealth
   175 | D:1      | Reached XP level 2. HP: 12/13 MP: 6/6
   705 | D:1      | Reached XP level 3. HP: 12/16 MP: 8/8
  1153 | D:2      | Reached skill level 6 in Stealth
  1153 | D:2      | Reached XP level 4. HP: 21/21 MP: 9/9
  1642 | D:2      | Reached skill level 1 in Fighting
  1742 | D:2      | You fall into a shaft and drop 2 floors!
  1755 | D:4      | Noticed Menkaure
  1763 | D:4      | Mangled by Menkaure

Illustrated notes

Levels and vault maps discovered:
D:1:      saegor_arrival_simple_a, layout_basic
D:2:      layout_basic, serial_undead, serial_undead_e, serial_undead_c,
          serial_undead_a, serial_undead_f, serial_undead_d, serial_undead_a,
          minmay_misc_feat_room, st_stairs_13
D:4:      layout_basic, uniq_menkaure

Skill      XL: |  1  2  3  4 |
---------------+-------------+-----
Stealth        | 5 6 |  6.5
Spellcasting   | 3 |  3.0
Hexes          | 4 |  4.0
Dodging        | 3 |  3.5
Short Blades   | 2 |  2.4
Fighting       | 1 |  1.0

Action                     |  1- 3 |  4- 6 || total
---------------------------+-------+-------++-------
  Melee: Dagger            |   128 |    81 ||   209
         Rapier            |       |     6 ||     6
         Punch             |       |     2 ||     2
    Use: Potion            |     1 |       ||     1
         Scroll            |     3 |     1 ||     4
   Stab: Sleeping          |     8 |     5 ||    13
         Distracted        |     2 |     1 ||     3
         Invisible         |     4 |       ||     4
 Armour: Robe              |    16 |     7 ||    23
  Dodge: Dodged            |   103 |    81 ||   184

Table legend: (Time is in decaauts)
 A = Elapsed time spent in this place.
 B = Non-inter-level travel time spent in this place.
 C = Inter-level travel time spent in this place.
 D = Time resting spent in this place.
 E = Time spent auto-exploring this place.
 F = Levels seen in this place.
 G = Mean time per level.
                   A        B        C        D        E       F      G
               +--------+--------+--------+--------+--------+-----+--------+
         Total |   1165 |   1154 |     11 |      0 |    446 |   3 |  388.3 |
       Dungeon |   1165 |   1154 |     11 |      0 |    446 |   3 |  388.3 |
               +--------+--------+--------+--------+--------+-----+--------+

Top non-repeatable levels by time:
     D:1: 614 daAuts
     D:2: 536 daAuts
     D:4: 14 daAuts
